 Dungeon Crawl Stone Soup version 0.32-a0-418-g34023cf50c (webtiles) character file.

Game seed: 15259135944049097377

716 Ijustatesigmund the Digger (level 7, -3/41 HPs)
             Began as a Gargoyle Earth Elementalist on Feb 20, 2024.
             Slain by a gnoll
             ... wielding a +0 halberd
             ... led by a gnoll sergeant
              (11 damage)
             ... on level 5 of the Dungeon on Feb 21, 2024.
             The game lasted 00:06:12 (3673 turns).

Ijustatesigmund the Digger (GrEE)                   Turns: 3673, Time: 00:06:14

Health: -3/41      AC:  9    Str: 15    XL:     7   Next: 69%
Magic:  10/13      EV: 12    Int: 17    God:
Gold:   127        SH:  0    Dex: 12    Spells: 10/14 levels left

rFire   + + .        l - +8 mace of Due Proportion {flame, rF++ Str+3 Dex+2 Stlth-}
rCold   . . .        (no shield)
rNeg    + . .        a - +0 robe
rPois   ∞            m - +0 helmet
rElec   +            q - +0 cloak
rCorr   .            h - +0 pair of gloves
SInv    .            (no boots)
Will    .....        (no amulet)
Stlth   +            (no ring)
HPRegen 0.26/turn    (no ring)
MPRegen 0.13/turn

%: no passive effects
@: no status effects
A: sickness immunity, AC +4, negative energy resistance 1, electricity
resistance, torment resistance 1, petrification resistance
a: no special abilities


You were on level 5 of the Dungeon.
You visited 1 branch of the dungeon, and saw 5 of its levels.

You collected 127 gold pieces.

Inventory:

Hand Weapons
 d - a +1 hammer of protection
 l - the +8 mace of Due Proportion (weapon) {flame, rF++ Str+3 Dex+2 Stlth-}
   (You found it on level 2 of the Dungeon)

   Str+3:     It affects your strength (+3).
   Dex+2:     It affects your dexterity (+2).
   rF++:      It greatly protects you from fire.
   Stlth-:    It makes you less stealthy.
Armour
 a - a +0 robe (worn)
 h - a +0 pair of gloves (worn)
 m - a +0 helmet (worn)
 q - a +0 cloak (worn)
Magical Staves
 i - a staff of conjuration
Jewellery
 f - a ring of fire
 j - a ring of ice
Scrolls
 g - a scroll of blinking
Potions
 b - a potion of magic
 c - 4 potions of curing
 e - a potion of attraction {unknown}
 n - 2 potions of haste {unknown}
 o - a potion of enlightenment {unknown}
 r - a potion of degeneration {unknown}
 s - a potion of might {unknown}


   Skills:
 - Level 3.0 Fighting
 + Level 2.4 Maces & Flails
 - Level 1.5 Dodging
 - Level 2.1 Stealth
 + Level 4.1 Spellcasting
 + Level 4.4 Conjurations
 + Level 6.1 Earth Magic


You had 10 spell levels left.
You knew the following spells:

 Your Spells              Type           Power      Damage    Failure   Level
a - Sandblast             Erth           48%        2d12      1%          1
b - Stone Arrow           Conj/Erth      42%        3d9       5%          3

Your spell library contained the following spells:

 Spells                   Type           Power      Damage    Failure   Level
 Passwall                 Erth           24%        N/A       3%          3
 Brom's Barrelling Bould  Conj/Erth      21%        2d4       17%         4
 Petrify                  Alch/Erth      13%        N/A       41%         4
 Iskenderun's Battlesphe  Conj           18%        2d7       56%         5
 Dispel Undead            Necr           3%         3d7       83%         4
 Ignite Poison            Fire/Alch      3%         N/A       83%         4
 Martyr's Knell           Necr/Summ      3%         N/A       83%         4
 Sticky Flame             Fire/Alch      3%         2d4       83%         4
 Fireball                 Conj/Fire      5%         3d5       86%         5
 Conjure Ball Lightning   Conj/Air       5%         3x3d6     100%        6
 Death Channel            Necr           1%         N/A       100%        6
 Orb of Destruction       Conj           9%         9d6       100%        7
 Ignition                 Fire           1%         3d3       100%        8
 Cigotuvi's Dreadful Rot  Necr/Alch/Air  Unusable   N/A       N/A         2

Dungeon Overview and Level Annotations

Branches:
Dungeon (5/15)
 Temple: D:4-7

Altars:
Gozag
Hepliaklqana
Makhleb


Innate Abilities, Weirdness & Mutations

You are immune to sickness and miasma.
Your stone body is resilient. (AC +4)
You are immune to poison.
You resist negative energy. (rN+)
You are resistant to electric shocks. (rElec)
You are resistant to unholy torment.
You are immune to petrification.


Message History

You hear the slow rusting of a very distant drain.
The gnoll barely misses you. x2
You sock the gnoll! You burn the gnoll.
You kill the gnoll!
The gnoll closely misses you. The gnoll hits you with a +0 spear.
The gnoll barely misses you. The gnoll hits you with a +0 flail.
The gnoll sergeant hits you from afar with a +0 spear.
You see here a +0 club.
The gnoll hits you but does no damage. The gnoll attacks as it pursues you!
The gnoll closely misses you.
Casting: Sandblast (safe; 1% risk of failure)
Confirm with . or Enter, or press ? or * to list all spells.
Aiming: Stone Arrow (dangerous; 5% risk of failure)
Press: ? - help, Shift-Dir - straight line, f - gnoll
Aim: a gnoll, wielding a +0 flail and quivering a throwing net (75% to hit)
The stone arrow hits the gnoll!
You kill the gnoll!
The gnoll closely misses you. The gnoll hits you but does no damage.
Unknown command.
The gnoll misses you.
The gnoll hits you from afar with a +0 halberd.
The gnoll sergeant hits you from afar with a +0 spear!
You are too injured to fight recklessly!
You are too injured to fight recklessly!
You are too injured to fight recklessly!
You are too injured to fight recklessly!
You are too injured to fight recklessly!
You are too injured to fight recklessly!
You are too injured to fight recklessly!
You are too injured to fight recklessly!
You are too injured to fight recklessly!
You barely miss the gnoll. The gnoll barely misses you.
The gnoll hits you from afar with a +0 halberd!
* * * LOW HITPOINT WARNING * * *
The gnoll sergeant barely misses you. The gnoll hits you with a +0 spear.
* * * LOW HITPOINT WARNING * * *
The gnoll sergeant hits you but does no damage.
The gnoll hits you from afar with a +0 halberd!
You die...

##.........## .#
#...........## ..#
#............# #..
#............## #..
##............# ##.#
#.#..........#####...
#.####...............
#.g####..........#...
##ggg@....#########.<.
###..######## #....
#...## #....
##....ggg.# #....
......g..g. ###..
........g.... ##.
..##..#.......# # .
#####.###### ##


You could see a gnoll sergeant and 3 gnolls.

Vanquished Creatures
  A black bear (D:4)
  2 ogres
  A bullfrog (D:4)
  A howler monkey (D:4)
  A hound (D:4)
  An orc priest (D:3)
  Crazy Yiuf (D:4)
  2 iguanas (D:4)
  2 gnolls (D:5)
  4 adders
  A dart slug (D:2)
  7 orcs (D:3)
  4 bats
  7 endoplasms
  4 giant cockroaches
  14 goblins
  7 hobgoblins
  7 jackals
  2 quokkas
  6 ball pythons
  6 frilled lizards
  7 kobolds
  6 rats
94 creatures vanquished.

Notes
Turn   | Place    | Note
-------+----------+-------------------------------------------
     0 | D:1      | Ijustatesigmund the Gargoyle Earth Elementalist began the
                  | quest for the Orb.
     0 | D:1      | Reached XP level 1. HP: 10/10 MP: 3/3
   160 | D:1      | Reached XP level 2. HP: 16/16 MP: 3/5
   432 | D:1      | Reached skill level 1 in Fighting
   432 | D:1      | Reached skill level 4 in Earth Magic
   672 | D:1      | Reached XP level 3. HP: 17/20 MP: 6/6
  1182 | D:2      | Reached XP level 4. HP: 20/26 MP: 0/7
  1451 | D:2      | Identified the +8 mace of Due Proportion {flame, rF++ Str+3
                  | Dex+2 Stlth-}
  1910 | D:2      | Found a faded altar of an unknown god.
  2101 | D:3      | Reached XP level 5. HP: 26/30 MP: 9/9
  2179 | D:3      | Noticed an ogre
  2203 | D:3      | Killed an ogre
  2217 | D:3      | Reached skill level 5 in Earth Magic
  2251 | D:3      | Reached XP level 6. HP: 25/36 MP: 10/10
  2485 | D:3      | Found an opulent altar of Gozag.
  2661 | D:4      | Reached skill level 1 in Maces & Flails
  2678 | D:4      | Noticed a black bear
  2684 | D:4      | Killed a black bear
  2685 | D:4      | Reached XP level 7. HP: 41/41 MP: 8/12
  2722 | D:4      | Learned a level 3 spell: Stone Arrow
  2833 | D:4      | Reached skill level 6 in Earth Magic
  2881 | D:4      | Found a burning altar of Makhleb.
  2881 | D:4      | Noticed a blizzard demon
  3199 | D:4      | Found a hazy altar of Hepliaklqana.
  3509 | D:4      | Found a runed translucent door.
  3510 | D:4      | Noticed Crazy Yiuf
  3516 | D:4      | Killed Crazy Yiuf
  3617 | D:5      | Entered Level 5 of the Dungeon
  3660 | D:5      | Upgraded the game from 0.32-a0-401-g0bcb2a7693 to
                  | 0.32-a0-418-g34023cf50c
  3673 | D:5      | Slain by a gnoll

Illustrated notes

Levels and vault maps discovered:
D:1:      lemuel_arrival_room, layout_basic
D:2:      layout_basic, hellmonk_ecumenical_altar_leap_of_faith, minmay_unequal
D:3:      layout_basic, mainiacjoe_overflow_small_starburst,
          minmay_ogre_servants
D:4:      layout_basic, makhleb_altar_promises_db, nzn_hepliaklqana_mist_gate,
          kennysheep_generic_room_13, uniq_crazy_yiuf_cottage
D:5:      layout_cave_pods, mainiacjoe_overflow_alcove_2,
          mainiacjoe_sewer_entry_somewhere_in_here_2, chequers_mini_garden,
          grunt_tough_drop

Skill      XL: |  1  2  3  4  5  6  7 |
---------------+----------------------+-----
Fighting       | 1 2 3 |  3.0
Earth Magic    | 4 5 6 |  6.1
Conjurations   | 2 3 4 |  4.4
Spellcasting   | 3 4 |  4.1
Maces & Flails | 1 2 |  2.4
Dodging        | |  1.5
Stealth        | |  2.1

Action                     |  1- 3 |  4- 6 |  7- 9 || total
---------------------------+-------+-------+-------++-------
  Melee: Spear             |    26 |       |       ||    26
         Mace              |       |    83 |    11 ||    94
   Cast: Sandblast         |    34 |    14 |     6 ||    54
         Stone Arrow       |       |       |     9 ||     9
    Use: Scroll            |       |     1 |     2 ||     3
   Stab: Sleeping          |       |     1 |       ||     1
 Armour: Robe              |    19 |    72 |    15 ||   106
  Dodge: Dodged            |    31 |    65 |    10 ||   106

Table legend: (Time is in decaauts)
 A = Elapsed time spent in this place.
 B = Non-inter-level travel time spent in this place.
 C = Inter-level travel time spent in this place.
 D = Time resting spent in this place.
 E = Time spent auto-exploring this place.
 F = Levels seen in this place.
 G = Mean time per level.
                   A        B        C        D        E       F      G
               +--------+--------+--------+--------+--------+-----+--------+
         Total |   3737 |   3554 |    183 |     17 |   2913 |   5 |  747.4 |
       Dungeon |   3737 |   3554 |    183 |     17 |   2913 |   5 |  747.4 |
               +--------+--------+--------+--------+--------+-----+--------+

Top non-repeatable levels by time:
     D:1: 1006 daAuts
     D:4: 1002 daAuts
     D:2: 971 daAuts
     D:3: 699 daAuts
     D:5: 56 daAuts
